 Dungeon Sprint DCSS version 0.17-a0-2220-g6fea741 (webtiles) character file.

3327 Kidiri the Covert (level 9, -6/42 (46) HPs)
             Began as a Spriggan Enchanter on Oct 28, 2015.
             Killed from afar by a crystal guardian (16 damage)
             ... with a crystal bolt
             ... in the Dungeon (Sprint II: "The Violet Keep of Menkaure").
             The game lasted 00:05:49 (1054 turns).

Kidiri the Covert (Spriggan Enchanter)              Turns: 1054, Time: 00:05:50

HP:   -6/42 (46)    AC:  6    Str:  4    XL:     9   Next: 71%
MP:   16/24         EV: 28    Int: 18    God:
Gold: 477           SH:  6    Dex: 18    Spells: 7 memorised, 8 levels left

rFire  . . .     SeeInvis +     a - +1 dagger
rCold  . . .     Clarity  .     b - +1 robe
rNeg   . . .     SustAt   .     l - +0 buckler
rPois  +         Gourm    .     (helmet restricted)
rElec  .         Spirit   .     m - +2 cloak {rPois}
rCorr  .         Warding  .     (gloves unavailable)
rMut   .         NoTele   +     (boots unavailable)
MR     +....                    (no amulet)
Stlth  +++++++...               (no ring)
                                (no ring)

@: lethally poisoned (-6 -> -10), slowed, quick, somewhat resistant to hostile
enchantments, extremely stealthy
A: unfitting armour, see invisible, herbivore 3, speed 3, slow metabolism 2,
wild magic 1
a: no special abilities


You were in the Dungeon.
You were not hungry.

You visited 1 branch You collected 1215 gold pieces.
You spent 738 gold pieces at shops.

Inventory:

Hand Weapons
 a - a +1 dagger (weapon)
Armour
 b - a +1 robe (worn)
 l - a +0 buckler (worn)
 m - a +2 cloak of poison resistance (worn)
Scrolls
 j - a scroll of blinking
 k - a scroll of holy word {unknown}
 o - a scroll of identify {unknown}
 p - a scroll of remove curse {unknown}
Potions
 e - a potion of curing
 f - a potion of heal wounds
 g - a potion of haste
 h - 2 potions of magic
 i - a potion of berserk rage
Books
 c - a book of Maledictions

   Spells                             Type                      Level
   a - Corona                         Hexes                        1
   b - Ensorcelled Hibernation        Hexes/Ice                    2
   c - Confuse                        Hexes                        3
   d - Tukima's Dance                 Hexes                        3
   e - Dazzling Spray                 Conjuration/Hexes            3
 n - a book of Clouds

   Spells                             Type                      Level
   a - Mephitic Cloud                 Conjuration/Poison/Air       3
   b - Conjure Flame                  Conjuration/Fire             3
   c - Poisonous Cloud                Conjuration/Poison/Air       6
   d - Freezing Cloud                 Conjuration/Ice/Air          6
   e - Ring of Flames                 Charms/Fire                  7
Comestibles
 d - a bread ration


   Skills:
 + Level 4.5 Fighting
 * Level 9.0 Short Blades
 + Level 4.1 Armour
 * Level 11.9 Dodging
 * Level 14.2 Stealth
 + Level 2.1 Shields
 * Level 10.6 Spellcasting
 + Level 4.0 Conjurations
 * Level 11.7 Hexes
 + Level 2.4 Ice Magic
 + Level 2.7 Air Magic
 + Level 3.2 Poison Magic


You had 8 spell levels left.
You knew the following spells:

 Your Spells              Type           Power        Failure   Level  Hunger
a - Corona                Hex            ######.      1%          1    None
b - Ensorcelled Hibernat  Hex/Ice        ######       3%          2    None
c - Confuse               Hex            ######..     2%          3    None
d - Tukima's Dance        Hex            ######..     2%          3    None
e - Dazzling Spray        Conj/Hex       ######..     4%          3    None
f - Mephitic Cloud        Conj/Pois/Air  ####....     22%         3    None
g - Freezing Cloud        Conj/Ice/Air   ####......   100%        6    ######.


Dungeon Overview and Level Annotations

Branches:
Dungeon (1/1)

Altars:
Cheibriados
Dithmenos
Gozag
Kikubaaqudgha
Makhleb
Nemelex Xobeh
Okawaru
Qazlal
Ru
Sif Muna
Trog
Yredelemnul
The Shining One
Beogh
Jiyva
Lugonu

Shops:
D (!:[!%?}=([}(=:*

Annotations:
D exclusion: oklob plant, Kirke, Roxanne


Innate Abilities, Weirdness & Mutations

You are tiny and cannot use many weapons and most armour.
You have supernaturally acute eyesight.
You are a herbivore.
You cover ground extremely quickly.
You need consume almost no food.
Your spells are a little harder to cast, but a little more powerful.


Message History

The swamp drake is engulfed in dark miasma.
You hit the death drake but do no damage.
The death drake is lightly wounded.
You feel sick. The death drake misses you.
You hit the death drake but do no damage.
The death drake is lightly wounded.
The death drake misses you.
You hit the death drake.
The death drake is lightly wounded.
You feel sick.
The death drake is no longer blind.
Casting: Dazzling Spray
Confirm with . or Enter, or press ? or * to list all spells.
Aiming: Dazzling Spray
Press: ? - help, Shift-Dir - straight line, f - crystal guardian, p - death drake
Aim: a crystal guardian The spray of energy hits the crystal guardian.
You feel sick. The death drake misses you.
The crystal guardian fires a crystalline bolt at you.
The crystal bolt freezes you!
You die...

§§§§≈§##≈...### §§§§
e≈.....##
++#+++#####....#§##
.......#..+^...#k.#
##+##..#..####^#§k#
#...##.####.(+^##§#
.##..#....#..#^..##
#.######..#####.8#
##'###.##..#..+k@#
##.##...#..#..#..# #
'.<.'.##'..####..##.#
##.##...#....###...##▓▓
##'###÷##......≈≈≈≈≈≈≈≈≈
#.#.####≈≈.....≈#+######
.###.#{≈≈≈≈§≈..≈#_._....
#.#.##≈§≈≈≈§§≈.§#._._...
##+##≈≈≈≈§≈≈≈§≈≈#_._._..


You could see 2 death drakes and a crystal guardian.

Vanquished Creatures
  A great orb of eyes (D)
  3 shining eyes (D)
  2 hippogriffs (D)
  A vampire mosquito (D)
  Menkaure (D)
  2 wyverns (D)
  A swamp drake (D)
  4 necrophages (D)
  4 brain worms (D)
  3 worms (D)
22 creatures vanquished.

Notes
Turn   | Place    | Note
--------------------------------------------------------------
     0 | D        | Kidiri the Spriggan Enchanter began the quest for the Orb.
     0 | D        | Reached XP level 1. HP: 9/9 MP: 5/5
     1 | D        | Noticed a hippogriff
     1 | D        | Noticed a hippogriff
     7 | D        | Noticed a brain worm
    21 | D        | Killed a brain worm
    21 | D        | Reached skill level 8 in Stealth
    21 | D        | Reached XP level 2. HP: 7/13 MP: 4/8
    21 | D        | Reached XP level 3. HP: 8/16 MP: 5/10
    21 | D        | Reached XP level 4. HP: 10/21 MP: 5/11
    22 | D        | Noticed a brain worm
    28 | D        | Learned a level 2 spell: Ensorcelled Hibernation
    32 | D        | Learned a level 3 spell: Confuse
    36 | D        | Learned a level 3 spell: Dazzling Spray
    40 | D        | Learned a level 3 spell: Tukima's Dance
   177 | D        | Killed a brain worm
   177 | D        | Reached skill level 1 in Fighting
   177 | D        | Reached skill level 5 in Dodging
   177 | D        | Reached skill level 9 in Stealth
   177 | D        | Reached skill level 5 in Spellcasting
   177 | D        | Reached XP level 5. HP: 23/25 MP: 5/13
   237 | D        | Noticed a brain worm
   237 | D        | Noticed a brain worm
   246 | D        | Killed a brain worm
   246 | D        | Reached skill level 1 in Armour
   246 | D        | Reached skill level 1 in Conjurations
   361 | D        | Killed a brain worm
   361 | D        | Reached skill level 10 in Stealth
   361 | D        | Reached XP level 6. HP: 28/30 MP: 13/16
   444 | D        | Killed a hippogriff
   444 | D        | Reached skill level 5 in Short Blades
   451 | D        | Killed a hippogriff
   451 | D        | Reached skill level 11 in Stealth
   451 | D        | Reached XP level 7. HP: 32/35 MP: 17/19
   467 | D        | Noticed a necrophage
   467 | D        | Noticed a necrophage
   467 | D        | Noticed a necrophage
   467 | D        | Noticed a necrophage
   470 | D        | Killed a necrophage
   485 | D        | Killed a necrophage
   492 | D        | Killed a necrophage
   497 | D        | Killed a necrophage
   497 | D        | Reached skill level 12 in Stealth
   497 | D        | Reached skill level 10 in Hexes
   746 | D        | Noticed Roxanne
   748 | D        | Noticed Menkaure
   749 | D        | Found Risygyma's Book Boutique.
   749 | D        | Found Meab's General Store.
   749 | D        | Noticed Kirke
   749 | D        | Noticed a kobold demonologist
   749 | D        | Noticed a yaktaur captain
   750 | D        | Killed Menkaure
   765 | D        | Noticed an ice statue
   770 | D        | Found Fuozoufu's Gadget Shop.
   770 | D        | Found Naguungo's Jewellery Shop.
   771 | D        | Found Cylar's Antique Weapon Boutique.
   771 | D        | Found Sufuw's Antique Armour Boutique.
   772 | D        | Noticed a vampire mosquito
   775 | D        | Found Mate's Jewellery Boutique.
   775 | D        | Found Biogu's Gadget Shop.
   777 | D        | Killed a vampire mosquito
   777 | D        | Reached skill level 10 in Dodging
   777 | D        | Reached XP level 8. HP: 38/38 MP: 17/21
   786 | D        | Found Bomeg's Magic Scroll Shop.
   786 | D        | Found Focoob's Antique Weapon Boutique.
   786 | D        | Found Utti's Food Boutique.
   790 | D        | Noticed a hell hog
   791 | D        | Found Niuleism's Distillery.
   791 | D        | Found Kyuzumeu's Antique Armour Shop.
   791 | D        | Noticed a hell hog
   791 | D        | Noticed an oklob plant
   792 | D        | Found Agogalab's Distillery.
   792 | D        | Found Ecsur's Book Shoppe.
   792 | D        | Found Fiabbuv's Weapon Boutique.
   793 | D        | Noticed a black bear
   793 | D        | Noticed a black bear
   807 | D        | Noticed a black bear
   808 | D        | Noticed a slime creature
   808 | D        | Noticed a slime creature
   819 | D        | Bought a buckler for 144 gold pieces
   819 | D        | Bought an embroidered cloak for 144 gold pieces
   825 | D        | Bought a book of Clouds for 450 gold pieces
   829 | D        | Learned a level 3 spell: Mephitic Cloud
   836 | D        | Learned a level 6 spell: Freezing Cloud
   893 | D        | Found a corrupted altar of Lugonu.
   893 | D        | Found a deep blue altar of Sif Muna.
   893 | D        | Found a sacrificial altar of Ru.
   894 | D        | Found an opulent altar of Gozag.
   894 | D        | Found a roughly hewn altar of Beogh.
   894 | D        | Found a stormy altar of Qazlal.
   895 | D        | Found an ancient bone altar of Kikubaaqudgha.
   895 | D        | Found a snail-covered altar of Cheibriados.
   895 | D        | Found a sparkling altar of Nemelex Xobeh.
   896 | D        | Found an iron altar of Okawaru.
   896 | D        | Found a shadowy altar of Dithmenos.
   896 | D        | Found a basalt altar of Yredelemnul.
   897 | D        | Found a glowing golden altar of the Shining One.
   897 | D        | Found a bloodstained altar of Trog.
   898 | D        | Found a burning altar of Makhleb.
   898 | D        | Found a viscous altar of Jiyva.
   902 | D        | Noticed a shining eye
   902 | D        | Noticed a shining eye
   903 | D        | Noticed a shining eye
   904 | D        | Killed a shining eye
   904 | D        | Reached skill level 1 in Ice Magic
   904 | D        | Reached skill level 1 in Air Magic
   904 | D        | Reached skill level 1 in Poison Magic
   904 | D        | Gained mutation: Your spells are a little harder to cast, but a little more powerful. [a shining eye]
   905 | D        | Killed a shining eye
   905 | D        | Reached skill level 13 in Stealth
   905 | D        | Reached skill level 1 in Shields
   910 | D        | Killed a shining eye
   910 | D        | Reached XP level 9. HP: 40/43 MP: 16/23
   924 | D        | Noticed a great orb of eyes
   926 | D        | Killed a great orb of eyes
   926 | D        | Reached skill level 14 in Stealth
   926 | D        | Reached skill level 10 in Spellcasting
   936 | D        | Noticed a deep elf master archer
   939 | D        | Noticed a wyvern
   939 | D        | Noticed a wyvern
   941 | D        | Killed a wyvern
   943 | D        | Killed a wyvern
  1043 | D        | Noticed a death drake
  1043 | D        | Noticed a swamp drake
  1044 | D        | Noticed a death drake
  1044 | D        | Noticed a crystal guardian
  1044 | D        | Noticed a swamp drake
  1045 | D        | Killed a swamp drake
  1054 | D        | Killed from afar by a crystal guardian

Vault maps used:
D:        the_violet_keep_of_menkaure

Action                   |  1- 3 |  4- 6 |  7- 9 || total
-------------------------+-------+-------+-------++-------
Melee: Dagger            |     9 |    14 |    31 ||    54
 Cast: Corona            |     1 |       |       ||     1
       Ensorcelled Hiber |       |    12 |     2 ||    14
       Dazzling Spray    |       |     1 |     7 ||     8
       Confuse           |       |       |     5 ||     5
 Stab: Sleeping          |       |     7 |     8 ||    15
       Invisible         |       |     1 |       ||     1
       Confused          |       |       |     4 ||     4
